 Dungeon Crawl Stone Soup version 0.31.0-11-ge490571c62 (webtiles) character file.

Game seed: 7207108592114049670

7 Flugkiller the Firebug (level 2, -2/20 HPs)
             Began as a Ghoul Fire Elementalist on Jan 29, 2024.
             Slain by a hobgoblin (5 damage)
             ... on level 1 of the Dungeon.
             The game lasted 00:00:11 (132 turns).

Flugkiller the Firebug (Ghoul Fire Elementalist)     Turns: 132, Time: 00:00:13

Health: -2/20      AC:  2    Str: 11    XL:     2   Next: 0%
Magic:  2/4        EV: 12    Int: 14    God:
Gold:   0          SH:  0    Dex:  9    Spells: 3/4 levels left

rFire   . . .        (no weapon)
rCold   + . .        (no shield)
rNeg    + + +        a - +0 robe
rPois   ∞            (no helmet)
rElec   .            (no cloak)
rCorr   .            (no gloves)
SInv    .            (no boots)
Will    .....        (no amulet)
Stlth   ++           (no ring)
HPRegen 0.00/turn    (no ring)
MPRegen 0.09/turn

%: no passive effects
@: inhibited regen
A: claws 1, cold resistance 1, negative energy resistance 3, inhibited
regeneration, torment resistance 2, devour on kill
a: no special abilities


You were on level 1 of the Dungeon.
You visited 1 branch of the dungeon, and saw 1 of its levels.

Inventory:

Armour
 a - a +0 robe (worn)
Potions
 b - a potion of magic


   Skills:
 - Level 1.7 Dodging
 - Level 2.1 Stealth
 + Level 1.9 Spellcasting
 + Level 1.0 Conjurations
 * Level 2.6 Fire Magic


You had 3 spell levels left.
You knew the following spells:

 Your Spells              Type           Power      Damage    Failure   Level
a - Foxfire               Conj/Fire      24%        2x1d5     12%         1

Your spell library contained the following spells:

 Spells                   Type           Power      Damage    Failure   Level
 Scorch                   Fire           16%        2d5       12%         2
 Inner Flame              Hex/Fire       5%         N/A       38%         3
 Volatile Blastmotes      Fire/Tloc      10%        2d10      38%         3
 Flame Wave               Conj/Fire      6%         2d5       75%         4


Dungeon Overview and Level Annotations

Branches:
Dungeon (1/15) Zot: 5867

Altars:


Innate Abilities, Weirdness & Mutations

You are immune to poison.
You have sharp fingernails.
Your flesh is cold resistant. (rC+)
You are immune to negative energy. (rN+++)
You do not regenerate when monsters are visible.
You are immune to unholy pain and torment.
You thrive by killing the living.


Message History

The kobold shouts!
The dart slug launches a dart at you. The slug dart hits you.
Something unseen opens the door.
A goblin, a quokka and a kobold come into view.
The bat hits you but does no damage. The kobold barely misses you.
The rat barely misses you.
Casting: Foxfire (safe; 13% risk of failure)
Confirm with . or Enter, or press ? or * to list all spells.
You conjure some foxfire!
The goblin shouts!
The giant cockroach bites you. The rat bites you. The kobold barely misses you.
The bat closely misses you.
A hobgoblin comes into view.
Casting: Foxfire (safe; 13% risk of failure)
Confirm with . or Enter, or press ? or * to list all spells.
You conjure some foxfire!
The foxfire hits the dart slug.
The dart slug is moderately wounded.
The foxfire hits the bat.
You kill the bat!
The giant cockroach bites you but does no damage.
The kobold barely misses you. The rat barely misses you.
Casting: Foxfire (safe; 13% risk of failure)
Confirm with . or Enter, or press ? or * to list all spells.
You conjure some foxfire!
The foxfire hits the giant cockroach.
The giant cockroach is almost dead.
The foxfire hits the rat.
The rat is heavily wounded.
The giant cockroach misses you. The kobold misses you.
The giant cockroach barely misses you. The rat bites you.
The dart slug barely misses you.
The foxfire hits the rat but does no damage.
The rat is heavily wounded.
The foxfire hits the dart slug.
The dart slug is severely wounded.
The giant cockroach attacks as it pursues you!
The giant cockroach bites you but does no damage.
The rat barely misses you.
The giant cockroach attacks as it pursues you!
The giant cockroach barely misses you.
The giant cockroach bites you but does no damage.
The giant cockroach attacks as it pursues you!
The giant cockroach misses you.
You are too injured to fight recklessly!
You scratch the giant cockroach.
You kill the giant cockroach!
You are too injured to fight recklessly!
You barely miss the rat.
The rat is heavily wounded.
The rat closely misses you.
You scratch the rat.
You kill the rat!
You feel better.
A kobold opens the door.
You are too injured to fight recklessly!
You are too injured to fight recklessly!
You scratch the kobold.
The kobold is severely wounded.
The kobold hits you but does no damage.
You are too injured to fight recklessly!
You are too injured to fight recklessly!
You closely miss the kobold.
The kobold is severely wounded.
The kobold barely misses you.
You are too injured to fight recklessly!
You scratch the kobold.
The kobold is severely wounded.
The kobold closely misses you.
You are too injured to fight recklessly!
You closely miss the kobold.
The kobold is severely wounded.
The kobold hits you with a +0 dagger.
You are too injured to fight recklessly!
You scratch the kobold.
You kill the kobold!
You are too injured to fight recklessly!
You barely miss the quokka.
The quokka bites you but does no damage.
The quokka closely misses you.
You scratch the quokka.
The quokka is severely wounded.
The quokka bites you.
* * * LOW HITPOINT WARNING * * *
You scratch the quokka.
You kill the quokka!
You feel better.
Your Conjurations skill increases to level 1!
You scratch the goblin.
The goblin is heavily wounded.
The goblin completely misses you.
You scratch the goblin.
You kill the goblin!
You have reached level 2!
You closely miss the hobgoblin. The hobgoblin hits you.
* * * LOW HITPOINT WARNING * * *
You scratch the hobgoblin.
The hobgoblin is severely wounded.
The hobgoblin completely misses you.
You scratch the hobgoblin but do no damage.
The hobgoblin is severely wounded.
The hobgoblin hits you.
You die...

. . ##.
#.##'#############.#
###+##...wKg@.........#.#
#......#.######...###.#.#
+..=..†K.# #...# #.#.###
#.....gw## #...# #.#...#
#....g.......##...#
#.#...#
..............##...#
#.#...# .
.#............##...#
#.#...# .
......!.......##.).#
#.#.### .
###....#......##...#
#.#.####.


You could see a dart slug, a hobgoblin and a kobold.

Vanquished Creatures
  A giant cockroach (D:1)
  A goblin (D:1)
  A quokka (D:1)
  A bat (D:1)
  A frilled lizard (D:1)
  A kobold (D:1)
  A rat (D:1)
7 creatures vanquished.

Vanquished Creatures (others)
  8 foxfires (D:1)
8 creatures vanquished.

Grand Total: 15 creatures vanquished

Notes
Turn   | Place    | Note
-------+----------+-------------------------------------------
     0 | D:1      | Flugkiller the Ghoul Fire Elementalist began the quest for
                  | the Orb.
     0 | D:1      | Reached XP level 1. HP: 14/14 MP: 3/3
   128 | D:1      | Reached skill level 1 in Conjurations
   130 | D:1      | Reached XP level 2. HP: 6/20 MP: 1/4
   132 | D:1      | Slain by a hobgoblin

Illustrated notes

Levels and vault maps discovered:
D:1:      psy_arrival_spokes, layout_basic, minmay_unequal

Skill      XL: |  1 |
---------------+----+-----
Conjurations   | 1 |  1.0
Dodging        | |  1.7
Stealth        | |  2.1
Spellcasting   | |  1.9
Fire Magic     | |  2.6

Action                     || total
---------------------------++-------
  Melee: Unarmed           ||    16
   Cast: Foxfire           ||     4
 Armour: Robe              ||    14
  Dodge: Dodged            ||    19
